1903 views
Uploaded 2022-12-16 22:59:58
Game version 1.32.10
17:55 long 2on2 ladder game on (4)HillsbradCreek
Saved by DKnight
1903 views
Uploaded 2022-12-16 22:59:58
Game version 1.32.10
17:55 long 2on2 ladder game on (4)HillsbradCreek


66 units @ 8.4k
/ 1k
38 buildings @ 5k
/ 2.2k


| Potion of Healing | 2 | 300 |
| Moonstone | 1 | 50 |
| Orb of Venom | 1 | 325 |
| Scroll of Town Portal | 1 | 350 |
| Potion of Lesser Invulnerability | 1 | 150 |
| total: | 6 | 1175g |
| Wisp | 11 | 660 | / | 0 |
| Archer | 14 | 1820 | / | 140 |
| Mountain Giant | 4 | 1400 | / | 400 |
| total: | 29 | 3880g | / | 540w |
| Altar of Elders | 1 | 180 | / | 50 |
| Moon Well | 6 | 1080 | / | 240 |
| Ancient of War | 2 | 300 | / | 120 |
| Hunter's Hall | 1 | 210 | / | 100 |
| Ancient of Wonders | 1 | 90 | / | 30 |
| Ancient of Lore | 2 | 310 | / | 290 |
| Tree of Ages | 1 | 320 | / | 180 |
| Tree of Eternity | 1 | 330 | / | 200 |
| total: | 13 | 2170g | / | 830w |
| 0:01 | Wisp |
| 0:01 | Wisp |
| 0:05 | Altar of Elders |
| 0:17 | Moon Well |
| 0:22 | Ancient of War |
| 0:31 | Wisp |
| 0:45 | Wisp |
| 0:57 | Wisp |
| 1:04 | Wisp |
| 1:15 | Wisp |
| 1:23 | Archer |
| 1:28 | Wisp |
| 1:44 | Moon Well |
| 1:49 | Wisp |
| 2:01 | Moon Well |
| 2:05 | Force of Nature |
| 2:14 | Wisp |
| 2:23 | Ancient of War |
| 2:45 | Archer |
| 2:57 | Archer |
| 3:18 | Archer |
| 3:24 | Wisp |
| 3:28 | Entangling Roots |
| 4:08 | Tree of Ages |
| 5:01 | Hunter's Hall |
| 5:03 | Ancient of Wonders |
| 5:10 | Archer |
| 5:44 | Force of Nature |
| 5:59 | Archer |
| 6:14 | Strength of the Moon |
| 6:21 | Archer |
| 7:06 | Archer |
| 7:24 | Archer |
| 7:25 | Improved Bows |
| 7:32 | Ancient of Lore |
| 7:34 | Ancient of Lore |
| 7:45 | Archer |
| 8:17 | Trueshot Aura |
| 8:32 | Moon Well |
| 9:24 | Moon Well |
| 9:25 | Searing Arrows |
| 9:29 | Archer |
| 10:02 | Reinforced Hides |
| 10:12 | Potion of Healing |
| 10:15 | Mountain Giant |
| 10:20 | Moon Well |
| 10:22 | Tree of Eternity |
| 10:58 | Entangling Roots |
| 11:14 | Improved Reinforced Hides |
| 11:39 | Trueshot Aura |
| 11:46 | Improved Strength of the Moon |
| 11:48 | Mountain Giant |
| 12:32 | Scroll of Town Portal |
| 12:33 | Potion of Lesser Invulnerability |
| 13:21 | Marksmanship |
| 13:46 | Mountain Giant |
| 13:54 | Resistant Skin |
| 14:54 | Searing Arrows |
| 15:03 | Archer |
| 16:41 | Archer |
| 16:42 | Mountain Giant |
| 17:17 | Moonstone |
| 17:25 | Potion of Healing |
| 17:40 | Archer |
| 17:55 | Orb of Venom |
| Right click | 1542 |
| Select group | 772 |
| Select | 644 |
| Misc. action | 123 |
| Build/train/purchase | 77 |
| Use ability | 40 |
| Minimap ping | 18 |
| Assign group | 14 |
| Item give/drop | 3 |
| Remove unit | 3 |



x1)
| Scroll of Regeneration | 2 | 200 |
| Lesser Clarity Potion | 3 | 210 |
| Staff of Sanctuary | 1 | 250 |
| Orb of Fire | 1 | 325 |
| Scroll of Town Portal | 2 | 700 |
| Scroll of Healing | 1 | 250 |
| Boots of Speed | 1 | 250 |
| Tome of Retraining | 1 | 300 |
| Potion of Lesser Invulnerability | 1 | 150 |
| total: | 13 | 2635g |
| Peasant | 22 | 1650 | / | 0 |
| Footman | 9 | 1215 | / | 0 |
| Gryphon Rider | 6 | 1680 | / | 420 |
| total: | 37 | 4545g | / | 420w |
| Scout Tower | 6 | 180 | / | 120 |
| Arcane Tower | 2 | 140 | / | 100 |
| Guard Tower | 5 | 350 | / | 250 |
| Altar of Kings | 1 | 180 | / | 50 |
| Barracks | 1 | 160 | / | 60 |
| Farm | 9 | 720 | / | 180 |
| Lumber Mill | 1 | 120 | / | 0 |
| Town Hall | 2 | 770 | / | 410 |
| Arcane Vault | 1 | 130 | / | 30 |
| Blacksmith | 1 | 140 | / | 60 |
| Gryphon Aviary | 3 | 420 | / | 450 |
| Keep | 2 | 640 | / | 420 |
| Castle | 2 | 720 | / | 420 |
| total: | 25 | 2820g | / | 1360w |
| 0:03 | Peasant |
| 0:03 | Peasant |
| 0:03 | Peasant |
| 0:06 | Altar of Kings |
| 0:19 | Barracks |
| 0:34 | Farm |
| 0:39 | Peasant |
| 0:44 | Peasant |
| 0:49 | Farm |
| 1:00 | Peasant |
| 1:20 | Footman |
| 1:25 | Farm |
| 1:34 | Peasant |
| 1:43 | Footman |
| 1:53 | Scout Tower |
| 1:57 | Peasant |
| 1:57 | Peasant |
| 2:03 | Peasant |
| 2:03 | Peasant |
| 2:06 | Summon Water Elemental |
| 2:16 | Footman |
| 2:34 | Arcane Tower |
| 2:35 | Peasant |
| 2:36 | Peasant |
| 2:42 | Peasant |
| 2:56 | Footman |
| 3:01 | Farm |
| 3:12 | Brilliance Aura |
| 3:18 | Peasant |
| 3:42 | Lumber Mill |
| 3:43 | Peasant |
| 3:49 | Footman |
| 4:00 | Scout Tower |
| 4:04 | Defend |
| 4:09 | Arcane Tower |
| 4:36 | Town Hall |
| 4:47 | Summon Water Elemental |
| 5:02 | Scout Tower |
| 5:04 | Arcane Vault |
| 5:42 | Guard Tower |
| 5:46 | Boots of Speed |
| 5:58 | Peasant |
| 5:58 | Peasant |
| 5:58 | Peasant |
| 5:58 | Peasant |
| 5:59 | Peasant |
| 6:13 | Keep |
| 6:38 | Footman |
| 6:40 | Farm |
| 7:25 | Footman |
| 7:26 | Footman |
| 7:37 | Scroll of Regeneration |
| 7:37 | Lesser Clarity Potion |
| 7:40 | Footman |
| 7:45 | Scout Tower |
| 7:49 | Scout Tower |
| 7:49 | Scout Tower |
| 7:52 | Blacksmith |
| 7:53 | Peasant |
| 7:54 | Farm |
| 7:54 | Farm |
| 7:58 | Scroll of Town Portal |
| 7:59 | Tome of Retraining |
| 7:59 | Retrain Hero |
| 8:01 | Scroll of Healing |
| 8:01 | Potion of Lesser Invulnerability |
| 8:19 | Guard Tower |
| 8:21 | Improved Lumber Harvesting |
| 8:21 | Improved Masonry |
| 8:23 | Guard Tower |
| 8:25 | Farm |
| 8:35 | Breath of Fire |
| 8:47 | Blizzard |
| 8:47 | Blizzard |
| 8:47 | Brilliance Aura |
| 8:47 | Brilliance Aura |
| 9:00 | Castle |
| 9:10 | Gryphon Aviary |
| 9:12 | Gryphon Aviary |
| 9:14 | Gryphon Aviary |
| 9:52 | Iron Forged Swords |
| 9:52 | Studded Leather Armor |
| 9:53 | Farm |
| 9:55 | Guard Tower |
| 9:58 | Drunken Brawler |
| 10:01 | Scroll of Regeneration |
| 10:10 | Advanced Lumber Harvesting |
| 11:21 | Brilliance Aura |
| 11:53 | Storm Hammers |
| 11:54 | Animal War Training |
| 11:55 | Gryphon Rider |
| 11:57 | Scroll of Town Portal |
| 11:58 | Staff of Sanctuary |
| 11:59 | Orb of Fire |
| 12:01 | Lesser Clarity Potion |
| 12:03 | Lesser Clarity Potion |
| 12:31 | Gryphon Rider |
| 12:45 | Steel Forged Swords |
| 12:45 | Mithril Forged Swords |
| 12:50 | Holy Light |
| 12:55 | Gryphon Rider |
| 13:09 | Gryphon Rider |
| 13:53 | Gryphon Rider |
| 14:32 | Devotion Aura |
| 14:52 | Reinforced Leather Armor |
| 15:04 | Town Hall |
| 16:03 | Breath of Fire |
| 16:24 | Gryphon Rider |
| 17:48 | Dragonhide Armor |
| Select group | 1538 |
| Right click | 1136 |
| Misc. action | 312 |
| Select | 242 |
| Build/train/purchase | 135 |
| Assign group | 49 |
| Use ability | 48 |
| Chat | 25 |
| Item give/drop | 3 |
| Minimap ping | 3 |
| Esc | 2 |
48 units @ 6.7k
/ 0.5k
28 buildings @ 4.6k
/ 1.6k


| Rod of Necromancy | 3 | 450 |
| Orb of Corruption | 1 | 375 |
| Potion of Healing | 1 | 150 |
| Scroll of Healing | 1 | 250 |
| Scroll of Speed | 1 | 50 |
| total: | 7 | 1275g |
| Acolyte | 11 | 825 | / | 0 |
| Ghoul | 7 | 840 | / | 0 |
| Crypt Fiend | 7 | 1505 | / | 280 |
| Obsidian Statue | 4 | 800 | / | 140 |
| total: | 29 | 3970g | / | 420w |
| Spirit Tower | 2 | 290 | / | 80 |
| Crypt | 2 | 400 | / | 100 |
| Altar of Darkness | 1 | 180 | / | 50 |
| Ziggurat | 5 | 750 | / | 250 |
| Tomb of Relics | 1 | 130 | / | 30 |
| Graveyard | 1 | 215 | / | 0 |
| Necropolis | 1 | 225 | / | 0 |
| Slaughterhouse | 1 | 140 | / | 135 |
| Halls of the Dead | 1 | 320 | / | 210 |
| Black Citadel | 1 | 325 | / | 230 |
| total: | 12 | 2040g | / | 565w |
| 0:03 | Acolyte |
| 0:03 | Acolyte |
| 0:07 | Crypt |
| 0:21 | Altar of Darkness |
| 0:32 | Ziggurat |
| 0:43 | Acolyte |
| 1:00 | Tomb of Relics |
| 1:10 | Ghoul |
| 1:27 | Ghoul |
| 1:33 | Ziggurat |
| 1:47 | Ghoul |
| 2:02 | Ghoul |
| 2:21 | Rod of Necromancy |
| 2:28 | Death Coil |
| 2:50 | Halls of the Dead |
| 3:10 | Graveyard |
| 3:30 | Ghoul |
| 4:04 | Ghoul |
| 4:18 | Unholy Aura |
| 4:39 | Ghoul |
| 4:40 | Crypt Fiend |
| 4:44 | Ziggurat |
| 5:49 | Crypt Fiend |
| 5:51 | Slaughterhouse |
| 5:56 | Rod of Necromancy |
| 5:59 | Crypt Fiend |
| 6:13 | Acolyte |
| 6:31 | Frost Nova |
| 7:17 | Acolyte |
| 7:42 | Necropolis |
| 7:49 | Obsidian Statue |
| 7:54 | Acolyte |
| 8:20 | Burrow |
| 8:34 | Acolyte |
| 8:49 | Black Citadel |
| 9:02 | Ziggurat |
| 9:05 | Obsidian Statue |
| 9:18 | Scroll of Speed |
| 9:38 | Web |
| 9:42 | Crypt Fiend |
| 9:47 | Crypt |
| 10:01 | Dark Ritual |
| 10:03 | Death Coil |
| 10:34 | Crypt Fiend |
| 10:36 | Obsidian Statue |
| 10:44 | Spirit Tower |
| 10:53 | Spirit Tower |
| 11:00 | Acolyte |
| 11:19 | Acolyte |
| 11:33 | Acolyte |
| 11:33 | Acolyte |
| 11:56 | Destroyer Form |
| 11:57 | Crypt Fiend |
| 12:00 | Ziggurat |
| 12:10 | Creature Attack |
| 12:22 | Orb of Corruption |
| 12:23 | Rod of Necromancy |
| 12:29 | Scroll of Healing |
| 14:01 | Improved Creature Attack |
| 14:01 | Crypt Fiend |
| 14:03 | Obsidian Statue |
| 14:15 | Potion of Healing |
| 15:08 | Death Pact |
| 16:08 | Frost Nova |
| 17:27 | Dark Ritual |
| Right click | 1119 |
| Select group | 734 |
| Select | 391 |
| Build/train/purchase | 81 |
| Misc. action | 58 |
| Assign group | 53 |
| Use ability | 53 |
| Chat | 44 |
| Minimap ping | 8 |
| Resource trade | 5 |
| Remove unit | 1 |

| Healing Salve | 1 | 100 |
| Ritual Dagger | 1 | 125 |
| total: | 2 | 225g |
| Peon | 7 | 525 | / | 0 |
| Grunt | 9 | 1800 | / | 0 |
| Shaman | 3 | 390 | / | 60 |
| total: | 19 | 2715g | / | 60w |
| Altar of Storms | 1 | 180 | / | 50 |
| Orc Burrow | 7 | 1120 | / | 280 |
| Barracks | 2 | 360 | / | 100 |
| Voodoo Lounge | 1 | 130 | / | 30 |
| War Mill | 1 | 205 | / | 0 |
| Spirit Lodge | 3 | 450 | / | 450 |
| Beastiary | 1 | 145 | / | 140 |
| Stronghold | 1 | 315 | / | 190 |
| Fortress | 1 | 325 | / | 190 |
| total: | 16 | 2590g | / | 1050w |
| 0:03 | Peon |
| 0:03 | Peon |
| 0:08 | Altar of Storms |
| 0:16 | Orc Burrow |
| 0:20 | Peon |
| 0:34 | Peon |
| 0:48 | Barracks |
| 1:08 | Peon |
| 1:46 | Peon |
| 1:53 | Grunt |
| 1:53 | Grunt |
| 2:17 | War Stomp |
| 2:27 | Orc Burrow |
| 2:45 | Peon |
| 2:51 | Voodoo Lounge |
| 3:03 | Stronghold |
| 3:26 | War Mill |
| 4:13 | Grunt |
| 4:43 | Orc Burrow |
| 5:08 | Endurance Aura |
| 5:30 | Berserker Strength |
| 5:31 | Grunt |
| 5:52 | Grunt |
| 5:58 | Ritual Dagger |
| 6:21 | Spirit Lodge |
| 7:05 | Orc Burrow |
| 7:22 | Orc Burrow |
| 7:36 | Spirit Lodge |
| 7:48 | Spirit Lodge |
| 8:04 | Healing Salve |
| 8:10 | Reinforced Defenses |
| 8:17 | Grunt |
| 8:39 | Barracks |
| 9:11 | Spiked Barricades |
| 9:23 | Orc Burrow |
| 9:50 | Orc Burrow |
| 10:02 | Shaman Adept Training |
| 10:34 | Grunt |
| 10:53 | War Stomp |
| 11:56 | Shaman |
| 12:05 | Steel Melee Weapons |
| 12:07 | Steel Armor |
| 13:42 | Grunt |
| 13:45 | Shaman |
| 15:04 | Grunt |
| 15:34 | Beastiary |
| 15:51 | Shaman |
| 16:35 | Fortress |
| Select group | 502 |
| Right click | 328 |
| Select | 183 |
| Misc. action | 65 |
| Build/train/purchase | 44 |
| Chat | 25 |
| Assign group | 18 |
| Use ability | 4 |
| Remove unit | 1 |
โ